 Dungeon Sprint DCSS version 0.31-a0-841-g038b102fc3 (webtiles) character file.

Game seed: 12786706407622748497

3499 sircluck the Grappler (level 9, 0/157 HPs)
             Began as a Troll Berserker on Sept 27, 2023.
             Was the Champion of Trog.
             Slain by a shadow wraith (9 damage)
             ... in the Dungeon (Sprint VII: "The Pits").
             The game lasted 00:02:20 (825 turns).

sircluck the Grappler (Troll Berserker)              Turns: 825, Time: 00:02:21

Health: 0/157      AC:  7    Str: 34    XL:     9   Next: 80%
Magic:  8/8        EV: 12    Int:  3    God:    Trog [******]
Gold:   0          SH:  6    Dex:  9    Spells: 8/8 levels left

rFire   . .          .
                       - Unarmed
rCold   . . .        n - +0 kite shield {reflect}
rNeg    . . .        a - +0 animal skin
rPois   .            (helmet restricted)
rElec   .            (no cloak)
rCorr   .            (gloves unavailable)
SInv    .            (boots unavailable)
Will    .....        (no amulet) Stlth
                     l - +3 ring of strength
HPRegen 1.26/turn    m - +3 ring of protection
MPRegen 0.11/turn

%: no teleportation, reflection
@: berserking, slowed
A: large, unfitting armour, claws 3, regeneration 1, shaggy fur 1, tough skin 1
a: Renounce Religion, Berserk, Trog's Hand, Brothers in Arms


You were in the Dungeon.
You worshipped Trog.
Trog was exalted by your worship.
You visited 1 branch

Inventory:

Missiles
 k - 4 large rocks
Armour
 a - a +0 animal skin (worn)
 n - a +0 kite shield of reflection (worn)
Jewellery
 l - a +3 ring of strength (left claw)
 m - a +3 ring of protection (right claw)
Scrolls
 g - a scroll of blinking
 i - 2 scrolls of vulnerability
 j - a scroll of summoning
Potions
 b - 7 potions of curing
 c - 15 potions of heal wounds
 d - a potion of haste
 e - 4 potions of magic
 f - 5 potions of berserk rage
 h - 2 potions of invisibility


   Skills:
 + Level 11.6 Fighting
 + Level 11.5 Dodging
 + Level 13.5 Unarmed Combat


You had 8 spell levels left.
You didn't know any spells.
Your spell library was empty.

Dungeon Overview and Level Annotations

Branches:
Dungeon (1/1)

Altars:
Ashenzari
Cheibriados
Dithmenos
Elyvilon
Fedhas
Gozag
Hepliaklqana
Kikubaaqudgha
Makhleb
Nemelex Xobeh
Okawaru
Qazlal
Ru
Sif Muna
Trog
Uskayaw
Vehumet
Wu Jian
Xom
Yredelemnul
Zin
The Shining One
Jiyva
Lugonu


Innate Abilities, Weirdness & Mutations

You are too large for most types of armour.
You have claws for hands.
Your natural rate of healing is unusually fast.
You are covered in fur. (AC +1)
You have tough skin. (AC +1)


Message History

The komodo dragon is almost dead.
The komodo dragon barely misses you. Something barely misses you.
You closely miss the komodo dragon.
The komodo dragon is almost dead.
You block the komodo dragon's attack.
You mangle the komodo dragon!!
You kill the komodo dragon!
Trog accepts your kill. Something hits you. Something drains your vigour!
You feel yourself slow down.
Deactivating autopickup; reactivate with Ctrl-A.
Unknown command.
Unknown command.
You start resting.
You block something's attack.
You start resting.
Something hits you but does no damage.
You start resting.
You block something's attack. Something hits you!
You start resting.
Something hits you!! Something drains your vigour!
You feel as though you will be slow longer.
Something hits you! Something hits you!!
* * * LOW HITPOINT WARNING * * *
Something drains your vigour!
You feel as though you will be slow longer.
You see here a komodo dragon corpse.
You feel much better. Something hits you but does no damage.
Unknown command.
Unknown command.
You claw something! Something hits you. Something drains your vigour!
You feel as though you will be slow longer.
Something hits you!
* * * LOW HITPOINT WARNING * * *
Something drains your vigour!
You feel as though you will be slow longer.
A red film seems to cover your vision as you go berserk!
You feel yourself moving faster!
You feel mighty! Something hits you!
* * * LOW HITPOINT WARNING * * *
You closely miss something. Something hits you!!
* * * LOW HITPOINT WARNING * * *
Something drains your vigour!
You feel as though you will be slow longer.
You closely miss something. Something hits you!
You die...

#++##########
#...{........
#....@.......
#..##########
#..# #..# ###
#..# ..# #..#
..# #..# ..#
#..#
..##########..#


There were no monsters in sight!

Vanquished Creatures
  Donald (D)
  A cyclops (D)
  An elephant (D)
  Joseph (D)
  A rime drake (D)
  A komodo dragon (D)
  A red devil (D)
  A flying skull (D)
  A basilisk (D)
  A redback (D)
  A wolf (D)
  A bullfrog (D)
  3 wights (D)
  An iguana (D)
  A mummy (D)
  A gnoll (D)
  An orc (D)
  A bat (D)
  7 jackals (D)
  A quokka (D)
  3 ball pythons (D)
  A ball python skeleton (D)
  2 ball python zombies (D)
  A kobold (D)
  A quokka zombie (D)
  A rat (D)
37 creatures vanquished.

Notes
Turn   | Place    | Note
-------+----------+-------------------------------------------
     0 | D        | sircluck the Troll Berserker began the quest for the Orb.
     0 | D        | Reached XP level 1. HP: 22/22 MP: 0/0
    11 | D        | Noticed a basilisk
    50 | D        | Killed a basilisk
    51 | D        | Reached skill level 5 in Fighting
    51 | D        | Reached skill level 5 in Dodging
    51 | D        | Reached skill level 6 in Unarmed Combat
    51 | D        | Reached XP level 2. HP: 16/35 MP: 1/1
    51 | D        | Reached XP level 3. HP: 19/42 MP: 2/2
    51 | D        | Reached XP level 4. HP: 23/50 MP: 3/3
    51 | D        | Reached XP level 5. HP: 26/57 MP: 4/4
   107 | D        | Found a bloodstained altar of Trog.
   107 | D        | Found a shimmering blue altar of Sif Muna.
   107 | D        | Found a viscous altar of Jiyva.
   107 | D        | Found a hazy altar of Hepliaklqana.
   107 | D        | Found an opulent altar of Gozag.
   108 | D        | Found a glowing golden altar of the Shining One.
   108 | D        | Found a glowing silver altar of Zin.
   108 | D        | Found a basalt altar of Yredelemnul.
   108 | D        | Found a shimmering altar of Xom.
   108 | D        | Found an ornate altar of the Wu Jian Council.
   108 | D        | Found a sacrificial altar of Ru.
   108 | D        | Found a stormy altar of Qazlal.
   108 | D        | Found an iron altar of Okawaru.
   108 | D        | Found a sparkling altar of Nemelex Xobeh.
   108 | D        | Found a burning altar of Makhleb.
   108 | D        | Found a blossoming altar of Fedhas.
   108 | D        | Found a white marble altar of Elyvilon.
   108 | D        | Found a shadowy altar of Dithmenos.
   108 | D        | Found a snail-covered altar of Cheibriados.
   111 | D        | Found a corrupted altar of Lugonu.
   111 | D        | Found a radiant altar of Vehumet.
   112 | D        | Found an ancient bone altar of Kikubaaqudgha.
   112 | D        | Found a hide-covered altar of Uskayaw.
   112 | D        | Found a broken altar of Ashenzari.
   149 | D        | Reached ** piety under Trog
   166 | D        | Reached *** piety under Trog
   177 | D        | Reached **** piety under Trog
   189 | D        | Noticed a wolf
   193 | D        | Killed a wolf
   194 | D        | Reached skill level 7 in Unarmed Combat
   265 | D        | Reached ***** piety under Trog
   266 | D        | Reached XP level 6. HP: 63/68 MP: 5/5
   274 | D        | Noticed a flying skull
   281 | D        | Killed a flying skull
   282 | D        | Reached skill level 8 in Unarmed Combat
   287 | D        | Reached skill level 9 in Unarmed Combat
   287 | D        | Received a gift from Trog
   333 | D        | Reached XP level 7. HP: 62/79 MP: 6/6
   348 | D        | Noticed Joseph
   354 | D        | Killed Joseph
   355 | D        | Reached skill level 10 in Unarmed Combat
   405 | D        | Received a gift from Trog
   409 | D        | Noticed a cyclops
   409 | D        | Noticed a redback
   412 | D        | Killed a redback
   413 | D        | Reached XP level 8. HP: 92/92 MP: 7/7
   418 | D        | Killed a cyclops
   419 | D        | Reached skill level 11 in Unarmed Combat
   425 | D        | Found the +7 lajatang of Order {silver, rMut}
   515 | D        | Noticed an elephant
   515 | D        | Noticed a red devil
   547 | D        | Killed an elephant
   548 | D        | Reached skill level 10 in Fighting
   548 | D        | Reached skill level 10 in Dodging
   589 | D        | Killed a red devil
   590 | D        | Reached skill level 12 in Unarmed Combat
   590 | D        | Reached XP level 9. HP: 80/102 MP: 8/8
   629 | D        | Noticed Donald
   629 | D        | Noticed a rime drake
   646 | D        | Killed Donald
   647 | D        | Reached skill level 13 in Unarmed Combat
   653 | D        | Killed a rime drake
   653 | D        | Reached ****** piety under Trog
   653 | D        | Received a gift from Trog
   807 | D        | Noticed a komodo dragon
   815 | D        | Killed a komodo dragon
   825 | D        | Slain by a shadow wraith

Illustrated notes

Levels and vault maps discovered:
D:        pitsprint [storerooms_1, entrance_room_1, metal_vault_4, armoury_1,
          mini_pit_1, grid_room_1, main_hall_1, silver_pit, the_coven_1,
          the_vestibule_1, steel_vault_5, golden_pit, hallway_of_sentries,
          crystal_vault_4, iron_vault_1, final_vault]

Skill      XL: |  1  2  3  4  5  6  7  8  9 |
---------------+----------------------------+-----
Fighting       | 5 6 7 9 10 11 | 11.6
Dodging        | 5 6 7 9 10 11 | 11.5
Unarmed Combat | 6 7 9 10 12 13 | 13.5

Action                     |  1- 3 |  4- 6 |  7- 9 || total
---------------------------+-------+-------+-------++-------
  Melee: Unarmed           |    11 |    54 |    54 ||   119
         Punch             |     1 |       |     2 ||     3
 Invoke: Berserk           |       |       |     4 ||     4
    Use: Potion            |       |       |     1 ||     1
 Armour: Animal skin       |    11 |    64 |    30 ||   105
  Dodge: Dodged            |     3 |    41 |    19 ||    63
  Block: Kite shield       |       |       |     3 ||     3

Table legend: (Time is in decaauts)
 A = Elapsed time spent in this place.
 B = Non-inter-level travel time spent in this place.
 C = Inter-level travel time spent in this place.
 D = Time resting spent in this place.
 E = Time spent auto-exploring this place.
 F = Levels seen in this place.
 G = Mean time per level.
                   A        B        C        D        E       F      G
               +--------+--------+--------+--------+--------+-----+--------+
         Total |    839 |    782 |     57 |    282 |     94 |   1 |  839.0 |
       Dungeon |    839 |    782 |     57 |    282 |     94 |   1 |  839.0 |
               +--------+--------+--------+--------+--------+-----+--------+

Top non-repeatable levels by time:
       D: 839 daAuts
